 Dungeon Crawl Stone Soup version 0.21-a0-442-g848f44b (webtiles) character file.

9 slep the Sneak (level 2, -1/21 HPs)
             Began as a Demonspawn Wanderer on Nov 16, 2017.
             Slain by a kobold
             ... wielding a +0 dagger
              (2 damage)
             ... on level 1 of the Dungeon.
             The game lasted 00:01:27 (165 turns).

slep the Sneak (Demonspawn Wanderer)                 Turns: 165, Time: 00:01:28

Health: -1/21      AC:  2    Str: 13    XL:     2   Next: 6%
Magic:  0/3        EV: 12    Int: 10    God:
Gold:   19         SH:  0    Dex: 14    Spells: 3/3 levels left

rFire    . . .     SeeInvis .   h - +0 short sword
rCold    . . .     Gourm    .   (no shield)
rNeg     . . .     Faith    .   d - +0 robe
rPois    .         Spirit   +   (no helmet)
rElec    .         Reflect  .   (no cloak)
rCorr    .         Harm     .   (no gloves)
MR       .....                  (no boots)
Stlth    ++........             (no amulet)
HPRegen  0.07/turn              (no ring)
MPRegen  0.08/turn              (no ring)

@: no status effects
A: magic shield
a: no special abilities


You were on level 1 of the Dungeon.
You were not hungry.

You visited 1 branch of the dungeon, and saw 1 of its levels.

You collected 19 gold pieces.

Inventory:

Hand Weapons
 e - a +0 dagger
 h - a +0 short sword (weapon)
Armour
 d - a +0 robe (worn)
Potions
 b - 2 potions of flight {unknown}
Books
 a - a book of Minor Magic

   Spells                             Type                      Level
   a - Magic Dart                     Conjuration                  1
   b - Blink                          Translocation                2
   c - Call Imp                       Summoning                    2
   d - Slow                           Hexes                        2
   e - Conjure Flame                  Conjuration/Fire             3
   f - Mephitic Cloud                 Conjuration/Poison/Air       3
 c - the Handbook of Attacks

   Spells                             Type                      Level
   a - Searing Ray                    Conjuration                  2
   b - Throw Flame                    Conjuration/Fire             2
Comestibles
 f - a bread ration
 g - a royal jelly


   Skills:
 + Level 1.0 Fighting
 + Level 1.0 Throwing
 + Level 1.1 Dodging
 + Level 2.5 Stealth
 + Level 1.0 Spellcasting
   Level 2.0 Conjurations
   Level 1.7 Charms


You had 3 spell levels left.
You didn't know any spells.

Dungeon Overview and Level Annotations

Branches:
Dungeon (1/15)

Altars:


Innate Abilities, Weirdness & Mutations

When hurt, damage is shared between your health and your magic reserves.


Message History

There is an open door here.
You open the door.
There is an open door here.
You open the door.
A hobgoblin and a kobold come into view.
There is an open door here.
The helpless hobgoblin fails to defend itself.
You puncture the hobgoblin!
You kill the hobgoblin!
Found a stone staircase leading down.
The kobold shouts!
The kobold hits you with a dagger.
* * * LOW HITPOINT WARNING * * *
You hit the kobold but do no damage. The kobold hits you with a dagger.
* * * LOW HITPOINT WARNING * * *
You closely miss the kobold. The kobold hits you with a dagger.
* * * LOW HITPOINT WARNING * * *
You closely miss the kobold. The kobold barely misses you.
You completely miss the kobold. The kobold hits you with a dagger.
You die...

.......###
>........ ......#
#.....# ##+##
#.....# #...#
#.....#
#...####.....#
#...'..'.....#
#...####...@.#
##...######.#K#
#.......# #.#.#
#.......# #.#.#
###.......# #.#.#
#.'...........#.#
#.#.......#####+#
. #.#..........
#.#.#..........


You could see a kobold.

Vanquished Creatures
  A leopard gecko (D:1)
  2 hobgoblins (D:1)
  2 jackals (D:1)
  A kobold (D:1)
  A rat (D:1)
7 creatures vanquished.

Notes
Turn   | Place    | Note
-------+----------+-------------------------------------------
     0 | D:1      | slep the Demonspawn Wanderer began the quest for the Orb.
     0 | D:1      | slep set off with: a book of Minor Magic, a potion of lignification, the Handbook of Attacks, a +0 robe, a +0 dagger, a bread ration
     0 | D:1      | Reached XP level 1. HP: 15/15 MP: 2/2
   115 | D:1      | Gained mutation: When hurt, damage is shared between your health and your magic reserves. [demonic ancestry]
   115 | D:1      | Reached XP level 2. HP: 7/21 MP: 3/3
   163 | D:1      | HP: 1/21 [kobold/dagger (2)]
   165 | D:1      | Slain by a kobold

Vault maps used:
D:1:      giann_horns, kennysheep_doodads

Skill      XL: |  1 |
---------------+----+-----
Stealth        | 2 |  2.5
Fighting       | |  1.0
Throwing       | |  1.0
Dodging        | |  1.1
Spellcasting   | |  1.0
Conjurations   | |  2.0
Charms         | |  1.7

Action                   || total
-------------------------++-------
Melee: Short sword       ||    24
       Dagger            ||     2
  Use: Potion            ||     1
 Stab: Sleeping          ||     2
Armor: Skin              ||    12
       Robe              ||     2
Dodge: Dodged            ||    19

Table legend:
 A = Spawn XP
 B = Non-spawn XP
 C = Spawn XP percentage of total XP
 D = Spawn monster count
 E = Non-spawn monster count
 F = Spawn count percentage of total count
 G = Total turns spent on level
                    A         B        C        D         E        F      G
               +---------+---------+-------+---------+---------+-------+---------
         Total |       0 |      14 |   0.0 |       0 |       7 |   0.0 |   165
               +---------+---------+-------+---------+---------+-------+---------
           D:1 |       0 |      14 |   0.0 |       0 |       7 |   0.0 |   165
               +---------+---------+-------+---------+---------+-------+---------
